 Dungeon Crawl Stone Soup version 0.24-a0-201-gf205589 (webtiles) character file.

Game seed: 3352235519379190156

5838 Borgoz the Ducker (level 10, -3/84 HPs)
             Began as a Ghoul Monk on Mar 24, 2019.
             Was a Believer of Ashenzari.
             Slain by a basilisk (14 damage)
             ... on level 9 of the Dungeon.
             The game lasted 00:18:23 (8851 turns).

Borgoz the Ducker (Ghoul Monk)                      Turns: 8851, Time: 00:18:24

Health: -3/84      AC:  7    Str: 13 (16) XL:     10   Next: 80%
Magic:  15/15      EV: 13    Int:  6 (8)  God:    Ashenzari [**....]
Gold:   407        SH:  0    Dex:  8 (11) Spells: 11/17 levels left

rFire    . . .     SeeInvis .   j - +0 dagger (venom)
rCold    + . .     Gourm    .   (no shield)
rNeg     + + +     Faith    .   i - +0 ring mail
rPois    ∞         Spirit   .   (no helmet)
rElec    .         Reflect  .   (no cloak)
rCorr    .         Harm     .   m - +0 pair of gloves
MR       .....                  (no boots)
Stlth    +.........             d - amulet of inaccuracy (curse)
HPRegen  0.00/turn              (no ring)
MPRegen  0.14/turn              (no ring)

@: rotting
A: rotting body, claws 1, carnivore, cold resistance 1, negative energy
resistance 3, inhibited regeneration, torment resistance, unbreathing
a: Curse Item, Scrying, Renounce Religion


You were on level 9 of the Dungeon.
You worshipped Ashenzari.
Ashenzari was pleased with you.
You were not hungry.

You visited 2 branches of the dungeon, and saw 10 of its levels.

You collected 623 gold pieces.
You spent 216 gold pieces at shops.

Inventory:

Hand Weapons
 a - a +1 dagger of electrocution
 b - a +0 blowgun
 j - a +0 dagger of venom (weapon)
 C - a +1 dagger of draining
Missiles
 e - 2 needles of confusion
 o - 42 poisoned needles
 p - 15 tomahawks
 x - 4 throwing nets (quivered)
Armour
 g - a +1 plate armour
 i - a +0 ring mail (worn)
 m - a +0 pair of gloves (worn)
Jewellery
 d - a cursed amulet of inaccuracy (around neck)
 h - an uncursed ring of flight
 n - an uncursed ring of protection from magic
 r - an uncursed amulet of the acrobat
 t - an uncursed ring of protection from cold
Wands
 k - a wand of random effects (5)
Scrolls
 f - 3 scrolls of teleportation
 s - 3 scrolls of amnesia
 y - 4 scrolls of magic mapping
 B - 2 scrolls of fear
 E - a scroll of noise {unknown}
 F - a scroll of fog
 H - a scroll of enchant weapon {unknown}
 J - a scroll of holy word {unknown}
Potions
 l - a potion of agility {unknown}
 q - a potion of magic
 u - a potion of berserk rage {unknown}
 w - 3 potions of flight
 A - a potion of lignification {unknown}
 D - 3 potions of brilliance
Comestibles
 c - 24 rations


   Skills:
 + Level 6.6 Fighting
 * Level 7.2 Short Blades
 + Level 4.5 Throwing
 * Level 6.5 Armour
 * Level 7.2 Dodging
 + Level 3.1 Stealth
 + Level 4.0 Spellcasting
 + Level 1.3 Hexes
 + Level 1.8 Evocations


You had 11 spell levels left.
You knew the following spells:

 Your Spells              Type           Power        Failure   Level  Hunger
a - Invisibility          Hex            #.......     100%        6    #######

Your spell library contained the following spells:

 Spells                   Type           Power        Failure   Level  Hunger
 Shock                    Conj/Air       #...         54%         1    ##.....
 Passwall                 Tmut/Erth      #.......     67%         2    ###....
 Swiftness                Chrm/Air       #.......     67%         2    ###....
 Static Discharge         Conj/Air       #.......     88%         3    ####...
 Airstrike                Air            #.........   99%         4    #####..
 Passage of Golubria      Tloc           N/A          99%         4    #####..
 Lee's Rapid Deconstruct  Erth           #.........   100%        5    ######.
 Lightning Bolt           Conj/Air       #.........   100%        5    ######.
 Darkness                 Hex            #.........   100%        6    #######


Dungeon Overview and Level Annotations

Branches:
Dungeon (9/15)             Temple (1/1) D:6
   Lair: D:8-11         Orc: D:9-12

Altars:
Ashenzari
Cheibriados
Dithmenos
Elyvilon
Fedhas
Gozag
Hepliaklqana
Kikubaaqudgha
Makhleb
Nemelex Xobeh
Okawaru
Qazlal
Ru
Sif Muna
Trog
Uskayaw
Vehumet
Wu Jian
Xom
Yredelemnul
Zin
The Shining One

Shops:
D:5 !


Innate Abilities, Weirdness & Mutations

Your body is rotting away.
You thrive on raw meat.
You are immune to poison.
You have sharp fingernails.
You are carnivorous and can eat meat at any time.
Your flesh is cold resistant. (rC+)
You are immune to negative energy. (rN+++)
You do not regenerate when monsters are visible.
You are immune to unholy pain and torment.
You can survive without breathing.


Message History

The basilisk bites you!
* * * LOW HITPOINT WARNING * * *
You barely miss the basilisk.
The basilisk is heavily wounded.
You completely miss the basilisk.
The basilisk is heavily wounded.
The basilisk closely misses you.
You barely miss the basilisk.
The basilisk is heavily wounded.
The basilisk bites you but does no damage.
You miss the basilisk.
The basilisk is heavily wounded.
It was a potion of curing.
You feel better. The basilisk gazes at you.
You are slowing down.
You feel limber!
You feel magically purged. The basilisk gazes at you.
You resist with some effort. The basilisk bites you!
You die...

#..##.##.### ,,,* * *
##.##......###.. ,, ,
.........<.....# *
...###.#...#### ...#
#...### ...###...#
...#.....# ##########
#### # #.##########.@#
.# *
###..........##l#.# *
#.....###....$...#.###,
##..#### ###..........#
, ..### ##.###.......
### ### .#..... ,
*##....# , * , ** *
##.. , ,* * * #.


You could see a basilisk.

Vanquished Creatures
  Harold (D:8)
  A two-headed ogre (D:8)
  A hippogriff (D:8)
  A wyvern (D:9)
  Eustachio (D:4)
  Duvessa (D:5)
  2 black bears
  An ice beast (D:9)
  3 orc warriors
  2 sky beasts
  4 necrophages
  4 centaurs
  5 ogres
  2 crocodiles
  3 bullfrogs
  A big kobold (D:7)
  Blork the orc (D:4)
  A gnoll sergeant (D:7)
  Dowan (D:5)
  4 scorpions
  5 wights (D:6)
  2 howler monkeys
  3 crimson imps
  A quasit (D:7)
  A centaur zombie (D:6)
  3 orc wizards
  2 bullfrog skeletons
  5 hounds
  A jelly (D:8)
  6 orc priests
  A centaur skeleton (D:5)
  6 worker ants
  An iguana (D:5)
  2 hound zombies
  3 gnolls (D:7)
  4 adders
  2 shadow imps (D:9)
  An ooze (D:1)
  A worm (D:4)
  2 dart slugs
  4 leopard geckos
  20 orcs
  8 giant cockroaches
  5 hobgoblins
  4 jackals
  2 quokkas
  A bat (D:1)
  10 frilled lizards
  A giant cockroach zombie (D:6)
  7 goblins
  15 kobolds
  A quokka skeleton (D:4)
  2 quokka zombies (D:6)
  9 rats
  A bush (D:6)
182 creatures vanquished.

Vanquished Creatures (others)
  2 plants (D:6)
2 creatures vanquished.

Grand Total: 184 creatures vanquished

Notes
Turn   | Place    | Note
-------+----------+-------------------------------------------
     0 | D:1      | Borgoz the Ghoul Monk began the quest for the Orb.
     0 | D:1      | Reached XP level 1. HP: 19/19 MP: 0/0
   128 | D:1      | Reached XP level 2. HP: 21/26 MP: 1/1
   531 | D:2      | Reached XP level 3. HP: 11/31 MP: 2/2
   598 | D:2      | Reached skill level 1 in Armour
  1064 | D:2      | Found a sparkling altar of Nemelex Xobeh.
  1399 | D:2      | Reached XP level 4. HP: 30/38 MP: 3/3
  1639 | D:3      | Reached skill level 1 in Throwing
  2023 | D:4      | Noticed Blork the orc
  2034 | D:4      | Killed Blork the orc
  2034 | D:4      | Reached skill level 1 in Spellcasting
  2034 | D:4      | Reached XP level 5. HP: 23/46 MP: 5/5
  2232 | D:4      | Found a deep blue altar of Sif Muna.
  2252 | D:4      | Noticed an ogre
  2258 | D:4      | Killed an ogre
  2258 | D:4      | Reached XP level 6. HP: 52/52 MP: 6/6
  2468 | D:4      | Noticed Eustachio
  2510 | D:4      | Killed Eustachio
  2718 | D:4      | Reached XP level 7. HP: 49/59 MP: 8/8
  2955 | D:5      | Entered Level 5 of the Dungeon
  3147 | D:5      | Found a burning altar of Makhleb.
  3163 | D:5      | Found a glowing silver altar of Zin.
  3163 | D:5      | Noticed a blizzard demon
  3163 | D:5      | Noticed an angel
  3423 | D:5      | Found a basalt altar of Yredelemnul.
  3484 | D:5      | Noticed Duvessa
  3484 | D:5      | Noticed Dowan
  3507 | D:5      | Killed Duvessa
  3507 | D:5      | Reached XP level 8. HP: 29/67 MP: 8/10
  3549 | D:5      | Killed Dowan
  3855 | D:5      | Found a white marble altar of Elyvilon.
  3970 | D:5      | Found Apnuricveg's Distillery.
  3975 | D:5      | Bought 2 potions of might for 96 gold pieces
  3975 | D:5      | Bought a potion of heal wounds for 60 gold pieces
  3975 | D:5      | Bought a potion of heal wounds for 60 gold pieces
  4042 | D:6      | Reached skill level 5 in Dodging
  4048 | D:6      | Reached skill level 5 in Short Blades
  4211 | D:6      | Reached skill level 5 in Fighting
  4221 | D:6      | Found a staircase to the Ecumenical Temple.
  4265 | Temple   | Entered the Ecumenical Temple
  4468 | Temple   | Became a worshipper of Ashenzari the Shackled
  4468 | Temple   | Reached * piety under Ashenzari
  4468 | Temple   | Reached ** piety under Ashenzari
  4776 | D:6      | Reached XP level 9. HP: 19/74 MP: 10/12
  4956 | D:6      | Found a blossoming altar of Fedhas.
  5588 | D:6      | Reached skill level 5 in Armour
  5911 | D:7      | Found a glowing golden altar of the Shining One.
  6629 | D:7      | Found a sacrificial altar of Ru.
  7270 | D:8      | Found a bloodstained altar of Trog.
  7284 | D:8      | Noticed a two-headed ogre
  7294 | D:8      | Killed a two-headed ogre
  7294 | D:8      | Reached skill level 1 in Evocations
  7294 | D:8      | Reached XP level 10. HP: 7/82 MP: 14/14
  7452 | D:8      | Learned a level 6 spell: Invisibility
  7581 | D:8      | Found a glowing silver altar of Zin.
  8197 | D:8      | Noticed Harold
  8222 | D:8      | Killed Harold
  8222 | D:8      | Reached skill level 1 in Hexes
  8845 | D:9      | HP: 4/84 [basilisk (7)]
  8851 | D:9      | Slain by a basilisk

Levels and vault maps discovered:
D:1:      wander_arrival_abandoned_jail, layout_rooms, minmay_domino_2
D:2:      layout_loops_ring, first_ration, nemelex_spade_bored_becter
D:3:      layout_rooms
D:4:      wander_river, layout_rooms, kennysheep_mini_moat, minmay_puff,
          uniq_eustachio, uniq_blork_the_orc
D:5:      layout_basic, kennysheep_ying_yang,
          grunt_temple_overflow_order_and_chaos_2, serial_shops, shop,
          serial_park_tiny_pond, uniq_duvessa
D:6:      layout_basic, minmay_temple_entry_statues_fountains,
          fedhas_altar_decomposition
D:7:      layout_gridville, lemuel_doored_altar, old_standard_altar
D:8:      layout_loops_cross, lemuel_round_altar, basic_altar, uniq_harold
D:9:      layout_rooms, erik_lair_dragon
Temple:   dpeg_chambers_temple

Skill      XL: |  1  2  3  4  5  6  7  8  9 10 |
---------------+-------------------------------+-----
Short Blades   | 3 4 5 6 7 |  7.2
Armour         | 1 2 3 4 6 |  6.5
Dodging        | 3 4 5 6 7 |  7.2
Throwing       | 1 2 3 4 |  4.5
Spellcasting   | 1 2 3 4 |  4.0
Fighting       | 4 5 6 |  6.6
Evocations     | 1 |  1.8
Hexes          | 1 |  1.3
Stealth        | 3 |  3.1

Action                   |  1- 3 |  4- 6 |  7- 9 | 10-12 || total
-------------------------+-------+-------+-------+-------++-------
Melee: Short sword       |   224 |       |       |       ||   224
       Dagger            |    15 |   146 |   914 |   258 ||  1333
Evoke: Wand              |       |     5 |     3 |       ||     8
  Use: Scroll            |     3 |     4 |     3 |     1 ||    11
       Potion            |       |       |     8 |     5 ||    13
 Stab: Distracted        |     1 |       |       |       ||     1
       Sleeping          |     2 |       |       |       ||     2
  Eat: Chunk             |    13 |    14 |    43 |    10 ||    80
Armor: Robe              |    25 |       |       |       ||    25
       Ring mail         |    41 |    38 |       |     4 ||    83
       Plate armour      |       |    35 |   473 |   104 ||   612
Dodge: Dodged            |   150 |    70 |   206 |    84 ||   510

Table legend:
 A = Non-vault XP
 B = Vault XP
 C = Vault XP percentage of total XP
 D = Non-vault monster count
 E = Vault monster count
 F = Vault count percentage of total count
                 A         B        C        D         E       F
            +---------+---------+-------+---------+---------+-------
      Total |    6056 |    2284 |  27.4 |     164 |      17 |   9.4
            +---------+---------+-------+---------+---------+-------
        D:1 |      21 |       2 |   8.7 |       9 |       2 |  18.2
        D:2 |      62 |       0 |   0.0 |      30 |       0 |   0.0
        D:3 |      54 |       0 |   0.0 |      17 |       0 |   0.0
        D:4 |     198 |     291 |  59.5 |       7 |       3 |  30.0
        D:5 |     602 |     235 |  28.1 |      16 |       2 |  11.1
        D:6 |    1236 |     433 |  25.9 |      27 |       7 |  20.6
        D:7 |    1237 |       0 |   0.0 |      30 |       0 |   0.0
        D:8 |    1982 |    1002 |  33.6 |      18 |       1 |   5.3
        D:9 |     664 |     321 |  32.6 |      10 |       2 |  16.7
            +---------+---------+-------+---------+---------+-------
